 Dungeon Crawl Stone Soup version 0.29-a0-350-g7790a0e70a (webtiles) character file.

Game seed: 15564050822048198612

23 HendSelp the Ducker (level 2, -1/21 HPs)
             Began as an Octopode Fighter on Apr 22, 2022.
             Slain by a goblin
             ... wielding a +0 club
              (3 damage)
             ... on level 1 of the Dungeon.
             The game lasted 00:00:57 (551 turns).

HendSelp the Ducker (Octopode Fighter)               Turns: 551, Time: 00:00:57

Health: -1/21      AC:  1    Str: 15    XL:     2   Next: 95%
Magic:  2/2        EV: 13    Int: 10    God:
Gold:   18         SH:  4    Dex: 11    Spells: 1/1 levels left

rFire   . . .      SeeInvis .   a - +0 rapier
rCold   . . .      Faith    .   b - +0 buckler
rNeg    . . .      Spirit   .   (helmet restricted)
rPois   .          Reflect  .   (no amulet)
rElec   .          Harm     .   (no ring)
rCorr   .          Rampage  .   (no ring)
Will    .....                   (no ring)
Stlth   ++........              (no ring)
HPRegen 0.07/turn               (no ring)
MPRegen 0.08/turn               (no ring)
                                (no ring)
                                (no ring)

@: no status effects
A: almost no armour, amphibious, 8 rings, camouflage 1, gelatinous body 1,
(nimble swimmer 1), tentacles
a: no special abilities


You were on level 1 of the Dungeon.
You visited 1 branch of the dungeon, and saw 1 of its levels.

You collected 18 gold pieces.

Inventory:

Hand Weapons
 a - a +0 rapier (weapon)
Armour
 b - a +0 buckler (worn)
Scrolls
 g - a scroll of magic mapping {unknown}
 h - a scroll of identify {unknown}
Potions
 c - 2 potions of might
 d - 3 potions of ambrosia {unknown}
 e - a potion of curing {unknown}
 f - a potion of invisibility {unknown}
 i - a potion of berserk rage {unknown}


   Skills:
 + Level 3.2 Fighting
 * Level 2.4 Short Blades
 + Level 3.2 Dodging
 + Level 3.2 Shields


You had one spell level left.
You didn't know any spells.
Your spell library was empty.

Dungeon Overview and Level Annotations

Branches:
Dungeon (1/15)

Altars:


Innate Abilities, Weirdness & Mutations

You cannot wear most types of armour.
You are amphibious.
You can wear up to eight rings at the same time.
Your skin changes colour to match your surroundings (Stealth+).
Your rubbery body absorbs attacks. (AC +1, EV +1)
((You are camouflaged when in or above water. (Stealth+)))
You have tentacles for arms and can constrict up to eight enemies at once.


Message History

There are monsters nearby!
The goblin shouts!
You hit the jackal. You grab the jackal.
The jackal is almost dead.
You constrict the jackal, but do no damage.
The jackal barely misses you. The ball python closely misses you. x2
The jackal bites you.
You hit the jackal but do no damage. You squeeze the jackal.
You kill the jackal!
The jackal closely misses you. The ball python barely misses you.
The ball python misses you. The jackal bites you. The ball python bites you.
The ball python grabs you. The ball python constricts you.
The ball python bites you.
You closely miss the ball python. You grab the ball python.
You constrict the ball python. The jackal bites you.
You block the ball python's attack. The ball python constricts you.
You block the ball python's attack. The jackal bites you.
You hit the ball python.
You kill the ball python!
You block the ball python's attack. The ball python closely misses you.
The jackal closely misses you.
You miss the jackal. You grab the jackal.
You constrict the jackal, but do no damage.
The jackal barely misses you. The ball python bites you.
The ball python grabs you. The ball python constricts you.
The jackal bites you.
* * * LOW HITPOINT WARNING * * *
The ball python bites you.
* * * LOW HITPOINT WARNING * * *
The ball python constricts you.
* * * LOW HITPOINT WARNING * * *
You are too injured to fight recklessly!
Unknown command.
You puncture the ball python!
You kill the ball python!
You constrict the jackal. The jackal misses you. The goblin closely misses you.
Unknown command.
You release your grip on the jackal.
The jackal barely misses you. The goblin hits you with a +0 club.
You die...

......# #.#.# #.# #.#
[.....# #.#.## #.#
###.### ..##### #.#..#
#.# #..>..# ..## #.##.#
#.###.# ...######
#.##.## . #.# #.#
#.......# #.##..### #..
### ### #...#...#
#.......##....
#..#.#..###.....h.....).
..#._.#..##.....@.......
...#.#......)###g.......
....#....##### ##.####.#
.........# ..#
####.....# #.# ##....#
.. ###### #.# .#


You could see a jackal and a goblin.

Vanquished Creatures
  A dart slug (D:1)
  2 endoplasms (D:1)
  6 hobgoblins (D:1)
  A jackal (D:1)
  A quokka (D:1)
  3 ball pythons (D:1)
  A bat (D:1)
  3 frilled lizards (D:1)
  A rat (D:1)
19 creatures vanquished.

Notes
Turn   | Place    | Note
-------+----------+-------------------------------------------
     0 | D:1      | HendSelp the Octopode Fighter began the quest for the Orb.
     0 | D:1      | Reached XP level 1. HP: 16/16 MP: 1/1
   124 | D:1      | Reached XP level 2. HP: 14/21 MP: 2/2
   475 | D:1      | Found a faded altar of an unknown god.
   551 | D:1      | Slain by a goblin

Illustrated notes

Levels and vault maps discovered:
D:1:      evilmike_arrival_hilbert_curve, layout_basic,
          chequers_ecumenical_altar_simple_redux

Action                   || total
-------------------------++-------
Melee: Rapier            ||    36
       Constrict         ||    10
       Tentacles         ||     2
 Stab: Sleeping          ||     4
Armor: Skin              ||     2
Dodge: Dodged            ||    28
Block: Buckler           ||     6

Table legend: (Time is in decaauts)
 A = Elapsed time spent in this place.
 B = Non-inter-level travel time spent in this place.
 C = Inter-level travel time spent in this place.
 D = Time resting spent in this place.
 E = Time spent auto-exploring this place.
 F = Levels seen in this place.
 G = Mean time per level.
                   A        B        C        D        E       F      G
               +--------+--------+--------+--------+--------+-----+--------+
         Total |    555 |    555 |      0 |      0 |    461 |   1 |  555.0 |
       Dungeon |    555 |    555 |      0 |      0 |    461 |   1 |  555.0 |
               +--------+--------+--------+--------+--------+-----+--------+

Top non-repeatable levels by time:
     D:1: 555 daAuts
